 Dungeon Crawl Stone Soup version 0.31-a0-1206-g41278d8d1d (webtiles) character file.

Game seed: 4775039456052918753

3087 dialectric the Covert (level 9, 0/42 (44) HPs)
             Began as a Spriggan Delver on Dec 13, 2023.
             Slain by a chaos spawn (5 damage)
             ... summoned by a kobold demonologist
             ... on level 9 of the Dungeon.
             The game lasted 00:11:23 (6370 turns).

dialectric the Covert (Spriggan Delver)             Turns: 6370, Time: 00:11:23

HP:   0/42 (44)     AC:  2    Str:  8    XL:     9   Next: 59%
MP:   12/19         EV: 28    Int: 16    God:
Gold: 419           SH:  0    Dex: 26    Spells: 18/21 levels left

rFire   . . .        x - +2 short sword (venom)
rCold   . . .        (no shield)
rNeg    . . .        b - +1 robe
rPois   +            (helmet restricted)
rElec   .            (no cloak)
rCorr   .            (gloves unavailable)
SInv    +            (boots unavailable)
Will    +....        A - amulet of the acrobat
Stlth   ++++++       t - ring of poison resistance
HPRegen 0.27/turn    D - ring of Errig {Int+4 Dex+6}
MPRegen 0.16/turn

%: acrobat
@: lightly drained, very quick
A: very small, no large weapons, unfitting armour, see invisible, speed 3,
deformed body
a: no special abilities


You were on level 9 of the Dungeon.
You visited 2 branches of the dungeon, and saw 11 of its levels.

You collected 419 gold pieces.

Inventory:

Hand Weapons
 x - a +2 short sword of venom (weapon)
 L - the +5 short sword "Lothetz" {antimagic, Int+2}
   (You found it on level 8 of the Dungeon)

   Int+2:     It affects your intelligence (+2).
Missiles
 E - 15 poisoned darts (quivered)
 H - 2 curare-tipped darts
 K - 4 datura-tipped darts
Armour
 b - a +1 robe (worn)
Jewellery
 t - a ring of poison resistance (left hand)
 y - an amulet of regeneration
 A - an amulet of the acrobat (around neck)
 B - a ring of magical power
 D - the ring of Errig (right hand) {Int+4 Dex+6}
   (You took it off an orc wizard on level 5 of the Dungeon)

   [ring of dexterity]

   Int+4:     It affects your intelligence (+4).
   Dex+6:     It affects your dexterity (+6).
 J - a ring of willpower
Wands
 g - a wand of digging (3)
 k - a wand of paralysis (16)
 F - a wand of flame (38)
Scrolls
 c - 3 scrolls of fog
 d - 2 scrolls of revelation
 l - 5 scrolls of identify
 m - 3 scrolls of enchant armour
 o - a scroll of torment {unknown}
 p - a scroll of vulnerability {unknown}
 s - 4 scrolls of teleportation
 u - 2 scrolls of immolation {unknown}
 v - a scroll of brand weapon {unknown}
 z - a scroll of blinking {unknown}
 I - 2 scrolls of amnesia {unknown}
Potions
 f - 4 potions of haste
 h - 3 potions of attraction {unknown}
 i - 2 potions of magic {unknown}
 j - 3 potions of mutation {unknown}
 n - 5 potions of curing
 q - 2 potions of ambrosia {unknown}
 r - 2 potions of might {unknown}
 w - a potion of cancellation {unknown}
 C - a potion of berserk rage {unknown}
 G - 2 potions of lignification {unknown}


   Skills:
 - Level 3.3 Fighting
 - Level 7.0 Short Blades
 + Level 9.9 Dodging
 + Level 13.1 Stealth
 * Level 6.5 Spellcasting


You had 18 spell levels left.
You knew the following spells:

 Your Spells              Type           Power      Damage    Failure   Level
a - Confusing Touch       Hex            5%         N/A       36%         3

Your spell library contained the following spells:

 Spells                   Type           Power      Damage    Failure   Level
 Apportation              Tloc           10%        N/A       13%         1
 Kiss of Death            Conj/Necr      20%        2d7       13%         1
 Necrotise                Necr           20%        1d5       13%         1
 Slow                     Hex            20%        N/A       13%         1
 Summon Small Mammal      Summ           20%        N/A       13%         1
 Blink                    Tloc           10%        N/A       21%         2
 Lesser Beckoning         Tloc           10%        N/A       21%         2
 Momentum Strike          Conj/Tloc      10%        3d8       21%         2
 Wereblood                Tmut           5%         N/A       21%         2
 Sigil of Binding         Hex            5%         N/A       36%         3
 Tukima's Dance           Hex            5%         N/A       36%         3
 Vampiric Draining        Necr           5%         2d6       36%         3
 Dimensional Bullseye     Hex/Tloc       2%         N/A       78%         4
 Dispel Undead            Necr           5%         3d7       78%         4
 Iskenderun's Mystic Bla  Conj/Tloc      5%         2d3       78%         4
 Vhi's Electric Charge    Tloc/Air       10%        N/A       78%         4
 Arcjolt                  Conj/Air       2%         1d12      98%         5
 Irradiate                Conj/Tmut      2%         3d12      98%         5
 Plasma Beam              Fire/Air       2%         2x1d12    100%        6


Dungeon Overview and Level Annotations

Branches:
Dungeon (10/15)            Temple (1/1) D:5
   Lair: D:8-11         Orc: D:9-12

Altars:
Ashenzari
Cheibriados
Dithmenos
Elyvilon
Fedhas
Gozag
Hepliaklqana
Kikubaaqudgha
Makhleb
Nemelex Xobeh
Okawaru
Qazlal
Ru
Sif Muna
Trog
Uskayaw
Vehumet
Wu Jian
Xom
Yredelemnul
The Shining One

Shops:
D:3 =   D:4 *   D:7 *

Annotations:
D:3 Grinder
D:6 Jeremiah
D:10 Fannar


Innate Abilities, Weirdness & Mutations

You are very small and have problems with some larger weapons.
You are too small for most types of armour.
You have supernaturally acute eyesight. (SInv)
You cover ground extremely quickly. (Speed+++)
Armour fits poorly on your strangely shaped body.


Message History

Unknown command.
Unknown command.
The kobold misses you.
The kobold demonologist gestures wildly while chanting.
The kobold completely misses you. The neqoxec completely misses you.
Things that are here:
a +0 dagger; a +0 robe; a kobold corpse You completely miss the chaos spawn.
The kobold completely misses you.
The kobold demonologist hits you with a +0 dagger.
The kobold misses you.
You barely miss the kobold demonologist.
The neqoxec gestures at you.
Strange energies course through your body.
Your body twists and deforms.
The white imp gestures at you. The puff of frost hits you!
The chaos spawn misses you.
Unknown command.
You hit the kobold demonologist.
The kobold demonologist is poisoned.
The kobold demonologist is lightly wounded.
The kobold misses you.
The kobold demonologist barely misses you.
The kobold misses you.
The white imp grins evilly.
The white imp hits you but does no damage.
The neqoxec completely misses you.
You completely miss the kobold demonologist.
The kobold demonologist is lightly wounded.
The chaos spawn closely misses you. The kobold completely misses you.
The kobold demonologist completely misses you.
The kobold misses you.
You closely miss the kobold demonologist.
The kobold demonologist is moderately wounded.
The neqoxec gestures at you. Something gnaws on your mind!
You feel your power leaking away.
The white imp shouts, "Turn tail, thou erky folly-fallen boar-pig!"
The white imp misses you. The chaos spawn stings you!!
* * * LOW HITPOINT WARNING * * *
You feel drained.
You die...

## #### ### #..
...#############.. ...
.#.....4>..)K....# #.#
...############..# #.# #
#.######## #4K# #.###.##
.........######K@#####.#.....
..######.......3K5)......#
..# ######..#####.#.# # ..#
#..#####.#.#.### #.#
#............#.. #.###
#..........###.# #...#
########.#####.# #.#.#
#....##.# #.#.# ####.##.#


You could see a kobold demonologist (very poisoned), a neqoxec (summoned), a
chaos spawn (summoned), a white imp (summoned) and 2 kobolds.

Vanquished Creatures
  Harold (D:9)
  A kobold demonologist (D:9)
  A steam dragon (D:9)
  4 water moccasins (D:7)
  2 sky beasts
  2 phantoms
  An elf zombie (D:5)
  2 kobold brigands
  A bullfrog (D:7)
  3 killer bees (D:9)
  3 howler monkeys
  A human zombie (D:5)
  3 jellies
  A hound (D:5)
  2 orc priests
  3 sleepcaps
  A human skeleton (D:5)
  An iguana (D:6)
  8 orc wizards
  Robin (D:3)
  6 gnolls (D:5)
  4 adders
  A shadow imp (D:6)
  A white imp (D:6)
  2 ufetubi (D:7)
  A worm (D:2)
  2 dart slugs
  24 orcs
  3 endoplasms
  3 giant cockroaches
  11 goblins
  7 hobgoblins
  3 jackals (D:2)
  24 kobolds
  2 quokkas
  9 ball pythons
  4 bats
  3 frilled lizards
  2 orc skeletons (D:5)
  An orc zombie (D:5)
  4 rats
159 creatures vanquished.

Notes
Turn   | Place    | Note
-------+----------+-------------------------------------------
     0 | D:5      | dialectric the Spriggan Delver began the quest for the Orb.
     0 | D:5      | Reached XP level 1. HP: 11/11 MP: 2/2
    38 | D:5      | Noticed a jelly
    50 | D:5      | Found a staircase to the Ecumenical Temple.
    60 | D:5      | Reached XP level 2. HP: 16/16 MP: 3/3
    66 | D:5      | Reached XP level 3. HP: 19/19 MP: 4/4
    97 | D:5      | Noticed a phantom
   109 | D:5      | Reached skill level 8 in Stealth
   109 | D:5      | Reached XP level 4. HP: 24/24 MP: 5/5
   176 | D:5      | Noticed a sky beast
   184 | D:5      | Killed a sky beast
   185 | D:5      | Reached XP level 5. HP: 28/28 MP: 6/6
   348 | D:5      | Identified the ring of Errig {Int+4 Dex+6}
   395 | D:4      | Learned a level 3 spell: Confusing Touch
   417 | D:4      | Found a white marble altar of Elyvilon.
   677 | D:3      | Noticed Grinder
  1121 | D:2      | Reached XP level 6. HP: 32/32 MP: 7/7
  1947 | D:3      | Found Waekeik's One-of-a-Kind Rings.
  1983 | D:3      | Paralysed by Grinder for 5 turns
  1991 | D:3      | Paralysed by Grinder for 4 turns
  2116 | D:3      | Reached skill level 5 in Dodging
  2122 | D:3      | Reached skill level 9 in Stealth
  2134 | D:3      | Noticed Robin
  2144 | D:3      | Killed Robin
  2310 | D:3      | Found a glowing golden altar of the Shining One.
  2313 | D:3      | Found a bloodstained altar of Trog.
  2314 | D:3      | Found a sparkling altar of Nemelex Xobeh.
  3054 | D:4      | Found Cuokiwe's Gadget Gallery.
  3308 | D:5      | Reached XP level 7. HP: 12/36 MP: 8/8
  3465 | D:5      | Reached skill level 5 in Short Blades
  3714 | D:5      | Reached skill level 10 in Stealth
  3956 | Temple   | Entered the Ecumenical Temple
  4251 | D:6      | Reached XP level 8. HP: 27/40 MP: 9/9
  4279 | D:6      | Noticed Jeremiah
  4307 | D:6      | Reached skill level 11 in Stealth
  4624 | D:7      | Found Laczomah's Serpentskin Sales.
  4925 | D:7      | Reached skill level 1 in Spellcasting
  5034 | D:7      | Found a shimmering blue altar of Sif Muna.
  5297 | D:8      | Reached skill level 12 in Stealth
  5588 | D:8      | Identified the +5 short sword "Lothetz" {antimagic, Int+2}
  5735 | D:9      | Reached XP level 9. HP: 36/44 MP: 4/15
  6157 | D:9      | Noticed Harold
  6178 | D:9      | Noticed a kobold demonologist
  6181 | D:9      | Noticed a hellwing
  6182 | D:9      | Noticed a kobold demonologist
  6186 | D:9      | Killed Harold
  6187 | D:9      | Reached skill level 5 in Spellcasting
  6190 | D:10     | Entered Level 10 of the Dungeon
  6317 | D:10     | Noticed Fannar
  6364 | D:9      | Killed a kobold demonologist
  6365 | D:9      | Reached skill level 13 in Stealth
  6367 | D:9      | Gained mutation: Armour fits poorly on your strangely
                  | shaped body. [a neqoxec]
  6370 | D:9      | Slain by a chaos spawn

Illustrated notes

Levels and vault maps discovered:
D:1:      dpeg_arrival_circle_labyrinth_c, layout_loops_ring
D:2:      minmay_chambers_of_ones, layout_rooms
D:3:      layout_loops_cross, minitemple, nicolae_shop_unique_rings,
          uniq_grinder, uniq_robin
D:4:      layout_basic, elyvilon_altar_1, serial_park_tiny_1,
          minmay_misc_feat_x, minivault_5, chequers_serial_rivers_small_b,
          nicolae_shop_gadgets
D:5:      layout_rooms, minmay_temple_entry_butterflies,
          nicolae_ossuary_entry_catacombs
D:6:      layout_gridville, uniq_jeremiah
D:7:      layout_basic, mainiacjoe_overflow_24_doors, minmay_hedge_maze,
          guppyfry_shop_venom
D:8:      layout_basic, moated_statue
D:9:      layout_loops_ring, minivault_21, minmay_splitting_lines, uniq_maggie,
          uniq_harold
D:10:     layout_basic, zin_statuary, orc_0_dummy, uniq_fannar
Temple:   nicolae_temple_bog_church

Skill      XL: |  1  2  3  4  5  6  7  8  9 |
---------------+----------------------------+-----
Dodging        | 3 4 5 7 8 9 |  9.9
Short Blades   | 3 4 6 7 |  7.0
Fighting       | 3 |  3.3
Stealth        | 8 9 10 12 13 | 13.1
Spellcasting   | 3 6 |  6.5

Action                     |  1- 3 |  4- 6 |  7- 9 || total
---------------------------+-------+-------+-------++-------
  Melee: Short sword       |     5 |   234 |   361 ||   600
         Punch             |       |     2 |     7 ||     9
  Throw: Dart              |       |       |     2 ||     2
  Evoke: Wand              |       |     1 |       ||     1
    Use: Scroll            |       |     1 |     4 ||     5
         Potion            |       |       |     6 ||     6
   Stab: Sleeping          |     5 |    31 |    14 ||    50
         Distracted        |       |     2 |     2 ||     4
         Paralysed         |       |     1 |       ||     1
 Armour: Robe              |       |    45 |    80 ||   125
  Dodge: Dodged            |     2 |   158 |   285 ||   445

Table legend: (Time is in decaauts)
 A = Elapsed time spent in this place.
 B = Non-inter-level travel time spent in this place.
 C = Inter-level travel time spent in this place.
 D = Time resting spent in this place.
 E = Time spent auto-exploring this place.
 F = Levels seen in this place.
 G = Mean time per level.
                   A        B        C        D        E       F      G
               +--------+--------+--------+--------+--------+-----+--------+
         Total |   4428 |   4395 |     33 |    266 |   2643 |  11 |  402.5 |
       Dungeon |   4407 |   4381 |     26 |    266 |   2643 |  10 |  440.7 |
        Temple |     20 |     14 |      6 |      0 |      0 |   1 |   20.0 |
               +--------+--------+--------+--------+--------+-----+--------+

Top non-repeatable levels by time:
     D:4: 758 daAuts
     D:5: 687 daAuts
     D:7: 486 daAuts
     D:3: 486 daAuts
     D:1: 466 daAuts
     D:6: 418 daAuts
     D:9: 392 daAuts
     D:2: 314 daAuts
     D:8: 265 daAuts
    D:10: 130 daAuts
  Temple: 20 daAuts
